 Dungeon Crawl Stone Soup version 0.16-a0-3708-g05dc7d7 (webtiles) character file.

301 grisnicke the Slasher (level 6, -9/47 HPs)
             Began as a Formicid Fighter on Jan 19, 2015.
             Mangled by an ogre
             ... wielding a +0 giant spiked club
              (24 damage)
             ... on level 4 of the Dungeon.
             The game lasted 00:10:17 (3219 turns).

grisnicke the Slasher (Formicid Fighter)            Turns: 3219, Time: 00:10:17

Health: -9/47      AC:  8    Str: 20    XL:     6   Next: 64%
Magic:  8/8        EV:  7    Int:  8    God:
Gold:   218        SH:  9    Dex: 12    Spells: 0 memorised, 5 levels left

rFire  . . .     SeeInvis +     w - +2 rapier (elec)
rCold  . . .     Clarity  .     b - +0 scale mail (curse)
rNeg   . . .     SustAb   .     c - +0 shield
rPois  .         Gourm    .     (helmet unavailable)
rElec  .         Spirit   .     (no cloak)
rCorr  .         Warding  .     (no gloves)
rMut   .         Stasis   +     i - +0 pair of boots
MR     .....                    (no amulet)
Stlth  +.........               (no ring)
                                k - ring of stealth

@: not resistant to hostile enchantments, very unstealthy
A: permanent stasis, dig shafts and tunnels, four strong arms, antennae 3
a: Dig, Shaft Self


You were on level 4 of the Dungeon.
You were not hungry.

You visited 1 branch of the dungeon, and saw 4 of its levels.

You collected 218 gold pieces.

Inventory:

Hand weapons
 a - a +0 long sword
 w - a +2 rapier of electrocution (weapon)
Missiles
 f - 69 stones (quivered)
 q - 13 poisoned needles
 z - 4 tomahawks
Armour
 b - a cursed +0 scale mail (worn)
 c - a +0 shield (worn)
 i - a +0 pair of boots (worn)
 y - a +2 leather armour of poison resistance
Jewellery
 k - a ring of stealth (left hand)
 o - a +3 ring of dexterity {unknown}
Magical devices
 x - a wand of magic darts (1)
Scrolls
 g - 2 scrolls of identify {unknown}
 j - 3 scrolls of amnesia {unknown}
 m - 2 scrolls of remove curse {unknown}
 n - 3 scrolls of fog {unknown}
 t - a scroll of enchant weapon {unknown}
Potions
 e - a potion of might
 h - 2 potions of cancellation {unknown}
 l - a potion of brilliance {unknown}
 p - a potion of agility {unknown}
 s - a potion of poison {unknown}
 u - 2 potions of curing {unknown}
Comestibles
 d - 5 bread rations
 r - a beef jerky
 v - 3 chunks of flesh


   Skills:
 - Level 3.2 Fighting
 + Level 6.5 Long Blades
 - Level 3.2 Armour
 - Level 3.6 Shields


You had 5 spell levels left.
You didn't know any spells.

Dungeon Overview and Level Annotations

Branches:
Dungeon (4/15)
 Temple: D:4-7

Altars:
Dithmenos
Nemelex Xobeh
Trog
Xom
Zin
The Shining One

Shops:
D:4 :


Innate Abilities, Weirdness & Mutations

You are under a permanent stasis effect.
You can dig through walls and to a lower floor.
Your four strong arms can wield two-handed weapons with a shield.
You have a pair of large antennae on your head (SInv).


Message History

Press: ? - help, Shift-Dir - straight line, f/p - ogre
Aim: an ogre, wielding a giant spiked club (moderately wounded)
The magic dart hits the ogre.
The ogre is heavily wounded.
Evoking this partially-identified wand wasted a few charges.
Evoke which item? (* to show all) (? for menu, Esc to quit)
Zapping:
x - a wand of magic darts {zapped: 6} (will waste charges)
Press: ? - help, Shift-Dir - straight line, f/p - ogre
Aim: an ogre, wielding a giant spiked club (heavily wounded)
The magic dart hits the ogre.
The ogre is heavily wounded.
Evoking this partially-identified wand wasted a few charges.
You hit the ogre.
The ogre is heavily wounded.
The ogre hits you with a giant spiked club!!
You barely miss the ogre.
The ogre is heavily wounded.
The ogre hits you with a giant spiked club!!
Ouch! That really hurt!
You die...

...####.# ≈....##..# . . #
≈# ##.##..... . ...#≈ ≈≈
#........####. ....#≈
≈##..........#..
......####.......#.......
...)..............(#.....
...................###....
........O@.........# #....
...................# #....
..................###....
..................#......
...............[.#.......
................#.###...
...............#.# ###.
................# ##.
........#....# #..


You could see an ogre.

Vanquished Creatures
  Menkaure (D:4)
  Blork the orc (D:4)
  2 adders
  3 worms
  3 giant geckos
  4 orcs (D:4)
  6 bats
  4 giant cockroaches
  10 hobgoblins
  7 jackals
  2 oozes (D:1)
  2 ball pythons
  3 giant newts (D:1)
  9 goblins
  12 kobolds
  6 rats
75 creatures vanquished.

Notes
Turn   | Place    | Note
--------------------------------------------------------------
     0 | D:1      | grisnicke, the Formicid Fighter, began the quest for the Orb.
     0 | D:1      | Reached XP level 1. HP: 18/18 MP: 1/1
    61 | D:1      | Reached XP level 2. HP: 8/24 MP: 3/3
   473 | D:1      | Reached XP level 3. HP: 29/29 MP: 4/4
   927 | D:2      | Found a sparkling altar of Nemelex Xobeh.
  1038 | D:2      | Reached XP level 4. HP: 35/35 MP: 5/5
  1099 | D:2      | Reached skill level 4 in Long Blades
  2052 | D:3      | Found a glowing golden altar of the Shining One.
  2063 | D:3      | Found a shimmering altar of Xom.
  2065 | D:3      | Found a glowing silver altar of Zin.
  2067 | D:3      | Found a shadowy altar of Dithmenos.
  2727 | D:3      | Reached XP level 5. HP: 41/41 MP: 7/7
  2765 | D:3      | Noticed a moth of wrath
  2766 | D:3      | Found a bloodstained altar of Trog.
  2829 | D:3      | Reached skill level 5 in Long Blades
  2899 | D:4      | Noticed Blork the orc
  2911 | D:4      | Killed Blork the orc
  3035 | D:4      | Reached XP level 6. HP: 43/47 MP: 8/8
  3190 | D:4      | Noticed Menkaure
  3200 | D:4      | Killed Menkaure
  3200 | D:4      | Reached skill level 6 in Long Blades
  3204 | D:4      | Found Xec Wigo's Book Emporium.
  3211 | D:4      | Noticed an ogre
  3219 | D:4      | Mangled by an ogre

Action                   |  1- 3 |  4- 6 || total
-------------------------+-------+-------++-------
Melee: Long sword        |   105 |   130 ||   235
       Rapier            |       |    27 ||    27
Throw: Stone             |    11 |     5 ||    16
 Abil: Dig               |     1 |       ||     1
Evoke: Wand              |       |     4 ||     4
  Eat: Chunk             |     1 |     7 ||     8
